 Dungeon Crawl Stone Soup version 0.19.0-19-g8c6edcc (webtiles) character file.

120 tizzy the Chopper (level 4, -2/33 HPs)
             Began as a Demonspawn Gladiator on Nov 15, 2016.
             Slain by a gnoll
             ... wielding a +0 club
              (3 damage)
             ... on level 2 of the Dungeon on Nov 16, 2016.
             The game lasted 00:02:58 (2172 turns).

tizzy the Chopper (Demonspawn Gladiator)            Turns: 2172, Time: 00:02:59

Health: -2/33      AC:  8    Str: 17    XL:     4   Next: 75%
Magic:  4/4        EV:  8    Int:  9    God:
Gold:   57         SH:  0    Dex: 15    Spells: 0 memorised, 3 levels left

rFire  . . .     SeeInvis .     a - +0 war axe
rCold  . . .     Gourm    .     m - +0 chain mail (curse)
rNeg   . . .     Faith    .     (no shield)
rPois  .         Spirit   .     (helmet restricted)
rElec  .         Reflect  .     (no cloak)
rCorr  .         Harm     .     (no gloves)
MR     .....                    (no boots)
Stlth  ..........               (no amulet)
                                (no ring)
                                (no ring)

@: no status effects
A: horns 1, thin skeletal structure 1
a: no special abilities


You were on level 2 of the Dungeon.
You were not hungry.

You visited 1 branch of the dungeon, and saw 2 of its levels.

You collected 57 gold pieces.

Inventory:

Hand Weapons
 a - a +0 war axe (weapon)
Missiles
 d - 3 throwing nets (quivered)
Armour
 b - a +0 leather armour
 c - a +0 helmet
 k - a +0 ring mail
 m - a cursed +0 chain mail (worn)
Scrolls
 h - 3 scrolls of random uselessness {unknown}
 l - a scroll of noise {unknown}
 o - a scroll of enchant armour {unknown}
 q - a scroll of identify {unknown}
 s - a scroll of teleportation {unknown}
Potions
 e - a potion of heal wounds {unknown}
 g - a potion of degeneration {unknown}
 n - a potion of brilliance {unknown}
Comestibles
 f - 2 bread rations
 i - 3 fruits
 j - a beef jerky
 p - a meat ration
 r - 4 chunks of flesh


   Skills:
 - Level 2.0 Fighting
 * Level 5.0 Axes
 - Level 1.7 Throwing
 - Level 2.6 Dodging


You had 3 spell levels left.
You didn't know any spells.

Dungeon Overview and Level Annotations

Branches:
Dungeon (2/15)

Altars:
Fedhas


Innate Abilities, Weirdness & Mutations

You have a pair of small horns on your head.
You have a somewhat thin skeletal structure. (Dex +2, Stealth)


Message History

The gnoll is almost dead.
You hit the plant but do no damage. The gnoll hits you but does no damage.
The gnoll hits you from afar with a spear.
The gnoll barely misses you. The gnoll hits you with a spear.
You see here a gnoll corpse.
You hit the gnoll but do no damage.
The gnoll is almost dead.
You hit the gnoll. You hit the plant. You completely miss the plant.
The gnoll hits you with a club. The gnoll hits you with a spear!
* * * LOW HITPOINT WARNING * * *
Unknown command.
You are too injured to fight recklessly!
Unknown command.
You hit the gnoll but do no damage. Your headbutt misses the gnoll.
The gnoll is heavily wounded.
You hit the plant but do no damage. You hit the worm. You slash the plant!
You hit the gnoll but do no damage. The gnoll hits you with a club.
* * * LOW HITPOINT WARNING * * *
The gnoll closely misses you. The gnoll hits you with a club.
You die...

##.....##........##.#.#. #
#.......#.......###.#.#. #
#.#####.###...### #.#.## # #.#
##...##...# #.#.# # #.#
#........## #.#.## # #.#
#.P.P.....## #..... #
##.###.._.....>.## #.....
#########......PwP.......###....#
................@g.......+.......
#########.....##g........###....#
# ##.....##.......## #.#.#. #
#.#.#.###.....## #.###. # ##....#
##...## #.# #. ##.###
##'#######.###. #.#
#.#........... #.#
###.#.#####†###. #.# #.....###
#.# #.


You could see a worm and 2 gnolls.

Vanquished Creatures
  2 gnolls (D:2)
  5 adders (D:2)
  A worm (D:2)
  A dart slug (D:2)
  2 leopard geckos
  4 bats
  11 goblins
  5 hobgoblins
  7 kobolds
  A quokka (D:2)
  A frilled lizard (D:2)
  9 rats
49 creatures vanquished.

Notes
Turn   | Place    | Note
-------+----------+-------------------------------------------
     0 | D:1      | tizzy the Demonspawn Gladiator began the quest for the Orb.
     0 | D:1      | Reached XP level 1. HP: 16/16 MP: 1/1
   296 | D:1      | Reached skill level 3 in Axes
   323 | D:1      | Gained mutation: You have a pair of small horns on your head. [demonic ancestry]
   323 | D:1      | Reached XP level 2. HP: 14/22 MP: 2/2
   987 | D:2      | Gained mutation: You have a somewhat thin skeletal structure. (Dex +2, Stealth) [demonic ancestry]
   987 | D:2      | Reached XP level 3. HP: 26/27 MP: 3/3
  1020 | D:2      | Reached skill level 4 in Axes
  1469 | D:2      | Found a blossoming altar of Fedhas.
  1481 | D:2      | Reached XP level 4. HP: 22/33 MP: 4/4
  2167 | D:2      | Reached skill level 5 in Axes
  2172 | D:2      | HP: 1/33 [gnoll/club (1)]
  2172 | D:2      | Slain by a gnoll

Skill      XL: |  1  2  3  4 |
---------------+-------------+-----
Axes           | 3 4 5 |  5.0
Fighting       | |  2.0
Throwing       | |  1.7
Dodging        | |  2.6

Action                   |  1- 3 |  4- 6 || total
-------------------------+-------+-------++-------
Melee: War axe           |   108 |    29 ||   137
       Headbutt          |    10 |     5 ||    15
  Eat: Chunk             |     2 |     2 ||     4
Armor: Leather armour    |     6 |       ||     6
       Ring mail         |    28 |       ||    28
       Chain mail        |     8 |    17 ||    25
Dodge: Dodged            |    91 |    19 ||   110
